 Dungeon Crawl Stone Soup version 0.25.0-26-g0c896c7088 (webtiles) character file.

Game seed: 6333225293784710559

887 wullow the Stinger (level 8, -6/58 HPs)
             Began as a Merfolk Venom Mage on July 4, 2020.
             Was an Initiate of Sif Muna.
             Mangled by an ice beast (18 damage)
             ... on level 6 of the Dungeon.
             The game lasted 00:29:35 (7777 turns).

wullow the Stinger (Merfolk Venom Mage)             Turns: 7777, Time: 00:29:36

Health: -6/58      AC:  7    Str:  8    XL:     8   Next: 5%
Magic:  3/13       EV: 13    Int: 17    God:    Sif Muna [......]
Gold:   115        SH:  0    Dex: 14    Spells: 5/14 levels left

rFire    + . .     SeeInvis .   h - +1 dagger (drain)
rCold    x . .     Gourm    .   (no shield)
rNeg     . . .     Faith    .   K - +2 robe {MR+}
rPois    .         Spirit   .   q - +0 helmet
rElec    .         Reflect  .   w - +0 cloak
rCorr    +         Harm     .   (no gloves)
MR       +....                  u - +0 pair of boots
Stlth    ++........             v - amulet of the acrobat
HPRegen  0.19/turn              B - ring of fire
MPRegen  0.13/turn              D - ring of resist corrosion

@: no status effects
A: change form in water, swift swim, stealthy swim
a: Renounce Religion


You were on level 6 of the Dungeon.
You worshipped Sif Muna.
Sif Muna was noncommittal.
You were very hungry.

You visited 2 branches of the dungeon, and saw 7 of its levels.

You collected 345 gold pieces.
You spent 230 gold pieces at shops.

Inventory:

Hand Weapons
 a - a +0 rapier
 h - a +1 dagger of draining (weapon)
 n - a +0 spear
 p - a +0 hunting sling
 r - a +0 dagger of venom
 F - the +5 whip of Paper {freeze, Dex+4}
   (You found it on level 5 of the Dungeon)

   It has been specially enchanted to freeze those struck by it, causing extra
   injury to most foes and up to half again as much damage against particularly
   susceptible opponents.
   It can also slow down cold-blooded creatures.
   It affects your dexterity (+4).
Missiles
 d - 103 arrows
 g - 112 stones (quivered)
 t - 57 sling bullets
 z - 11 bolts
 A - 7 javelins
Armour
 q - a +0 helmet (worn)
 u - a +0 pair of boots (worn)
 w - a +0 cloak (worn)
 K - a +2 robe of magic resistance (worn)
Jewellery
 v - an amulet of the acrobat (around neck)
 B - a ring of fire (left hand)
 D - a ring of resist corrosion (right hand)
 L - a cursed ring of attention {unknown}
Wands
 I - a wand of acid (2)
Scrolls
 b - 7 scrolls of teleportation {unknown}
 f - a scroll of amnesia {unknown}
 i - a scroll of remove curse {unknown}
 k - 3 scrolls of magic mapping {unknown}
 m - 4 scrolls of identify {unknown}
 x - a scroll of blinking {unknown}
 y - a scroll of enchant armour {unknown}
 E - a scroll of random uselessness {unknown}
 G - 2 scrolls of enchant weapon {unknown}
Potions
 e - a potion of stabbing {unknown}
 j - 2 potions of mutation {unknown}
 l - 2 potions of brilliance {unknown}
 o - a potion of flight {unknown}
 s - a potion of haste {unknown}
 C - a potion of curing {unknown}
 H - a potion of might {unknown}
 J - a potion of lignification {unknown}
Comestibles
 c - 8 rations


   Skills:
 - Level 3.0 Fighting
 - Level 2.6 Dodging
 - Level 2.1 Stealth
 + Level 3.8 Spellcasting
 - Level 3.0 Conjurations
 + Level 2.9 Transmutations
 - Level 2.0 Fire Magic
 - Level 3.0 Air Magic
 - Level 5.0 Poison Magic


You had 5 spell levels left.
You knew the following spells:

 Your Spells              Type           Power        Failure   Level  Hunger
a - Sting                 Tmut/Pois      ###.         3%          1    None
b - Poisonous Vapours     Pois/Air       ###...       4%          2    ##.....
c - Mephitic Cloud        Conj/Pois/Air  ###.....     11%         3    ###....
d - Ignite Poison         Fire/Tmut/Pois ###.....     12%         3    ###....

Your spell library contained the following spells:

 Spells                   Type           Power        Failure   Level  Hunger
 Olgreb's Toxic Radiance  Pois           ###.....     21%         4    ####...


Dungeon Overview and Level Annotations

Branches:
Dungeon (6/15)             Temple (1/1) D:4

Altars:
Ashenzari
Cheibriados
Dithmenos
Elyvilon
Fedhas
Hepliaklqana
Makhleb
Nemelex Xobeh
Qazlal
Ru
Sif Muna
Trog
Uskayaw
Vehumet
Wu Jian
Xom
Yredelemnul
Zin
The Shining One

Shops:
D:5 [

Annotations:
D:3 Grinder
D:4 2 transporters, Menkaure


Message History

Aim: a leopard gecko The sting misses the leopard gecko.
The sting misses the ice beast.
The leopard gecko bites you but does no damage.
The orc hits you but does no damage. The leopard gecko barely misses you.
The ice beast seems less drained.
Items here: )) [[ a +0 dagger; a +0 robe; a +0 club; a +0 leather armour The ice beast completely misses you.
Casting: Sting (safe; 3% risk of failure)
Confirm with . or Enter, or press ? or * to list all spells.
Aiming: Sting (safe; 3% risk of failure)
Press: ? - help, Shift-Dir - straight line, f/p - leopard gecko
Aim: a leopard gecko The sting hits the ice beast but does no damage.
The ice beast is poisoned.
The ice beast is heavily wounded.
The ice beast hits you.
* * * LOW HITPOINT WARNING * * *
The ice beast freezes you!!
You feel a terrible chill!
You die...

#. ####....##...
#.##..........[.
#.........###.#.
#......#>....!..
##.##.#.#........
###..##.#.#........
.................##
###.###.#.#..##.##
#..@Yo.)#..##.#
#.###l.)......# #
#......##.#
##..#..##.##
##.####..<.......
.............#.##
##.####..#.###.##.
#.......#........
#............!...


You could see an ice beast (poisoned), an orc and a leopard gecko.

Vanquished Creatures
  A sky beast (D:5)
  An ogre (D:4)
  A centaur (D:5)
  A howler monkey (D:5)
  A crimson imp (D:5)
  A hound (D:5)
  An orc priest (D:4)
  Crazy Yiuf (D:2)
  3 orc wizards
  2 bullfrog skeletons
  3 worker ants
  Robin (D:2)
  7 gnolls (D:2)
  6 adders
  An adder skeleton (D:5)
  An adder zombie (D:5)
  3 dart slugs
  5 leopard geckos
  15 orcs
  4 ball pythons
  6 giant cockroaches
  9 goblins
  15 hobgoblins
  6 jackals
  12 bats
  6 frilled lizards
  7 kobolds
  7 rats
127 creatures vanquished.

Notes
Turn   | Place    | Note
-------+----------+-------------------------------------------
     0 | D:1      | wullow the Merfolk Venom Mage began the quest for the Orb.
     0 | D:1      | Reached XP level 1. HP: 13/13 MP: 3/3
   334 | D:1      | Reached XP level 2. HP: 19/19 MP: 3/5
   338 | D:1      | Learned a level 2 spell: Poisonous Vapours
  1223 | D:1      | Reached XP level 3. HP: 25/25 MP: 1/6
  1526 | D:1      | Reached skill level 1 in Fighting
  1680 | D:2      | Reached skill level 4 in Poison Magic
  1680 | D:2      | Reached XP level 4. HP: 20/32 MP: 4/8
  1819 | D:2      | Found a shadowy altar of Dithmenos.
  1842 | D:2      | Learned a level 3 spell: Mephitic Cloud
  1874 | D:2      | Found a burning altar of Makhleb.
  2218 | D:2      | Reached skill level 1 in Air Magic
  2219 | D:2      | Noticed Robin
  2236 | D:2      | Killed Robin
  2565 | D:2      | Found a runed translucent door.
  2566 | D:2      | Noticed Crazy Yiuf
  2640 | D:2      | Reached XP level 5. HP: 36/38 MP: 5/9
  3127 | D:2      | Reached skill level 1 in Conjurations
  3548 | D:2      | Found a basalt altar of Yredelemnul.
  3716 | D:2      | Killed Crazy Yiuf
  3716 | D:2      | Reached XP level 6. HP: 44/44 MP: 5/10
  3892 | D:3      | Found an ornate altar of the Wu Jian Council.
  4005 | D:3      | Found a glowing golden altar of the Shining One.
  4044 | D:3      | Noticed Grinder
  4634 | D:3      | Found a radiant altar of Vehumet.
  5054 | D:4      | Found a blossoming altar of Fedhas.
  5134 | D:4      | Found a staircase to the Ecumenical Temple.
  5483 | D:4      | Reached XP level 7. HP: 50/52 MP: 11/11
  5488 | D:4      | Learned a level 3 spell: Ignite Poison
  5508 | Temple   | Entered the Ecumenical Temple
  5546 | Temple   | Became a worshipper of Sif Muna the Loreminder
  5771 | D:4      | Found a transporter.
  5921 | D:4      | Reached skill level 5 in Poison Magic
  6001 | D:4      | Found a transporter.
  6306 | D:4      | Noticed Menkaure
  6391 | D:5      | Entered Level 5 of the Dungeon
  6580 | D:5      | Found a hazy altar of Hepliaklqana.
  6679 | D:5      | Reached skill level 1 in Fire Magic
  6783 | D:5      | Got a fine whip
  6784 | D:5      | Identified the +5 whip of Paper {freeze, Dex+4} (You found
                  | it on level 5 of the Dungeon)
  7010 | D:5      | Found Ibrov's Armour Emporium.
  7057 | D:5      | Bought a +2 robe of magic resistance for 230 gold pieces
  7500 | D:5      | Found a shimmering altar of Xom.
  7599 | D:5      | Found a shimmering altar of Xom.
  7599 | D:5      | Found a stormy altar of Qazlal.
  7682 | D:5      | Found a stormy altar of Qazlal.
  7682 | D:5      | Found a burning altar of Makhleb.
  7682 | D:5      | Found a radiant altar of Vehumet.
  7729 | D:6      | Reached XP level 8. HP: 58/58 MP: 7/13
  7777 | D:6      | Mangled by an ice beast

Illustrated notes

Levels and vault maps discovered:
D:1:      ncdulo_lavacross, layout_loops_corners, minmay_domino_4
D:2:      minmay_door_path, layout_basic, nicolae_overflow_hidden_temple,
          lemuel_coloured_pillars_altar, overflow_temple_1_default,
          minmay_vboxes, uniq_crazy_yiuf_cottage, uniq_robin
D:3:      layout_loops_ring, vehumet_crystals, tso_oasis_becter,
          lemuel_crystal_altar, uniq_grinder
D:4:      gammafunk_cloud_chamber, layout_basic, old_standard_altar,
          minmay_temple_entry_glass, guppyfry_early_lair_pool, uniq_menkaure
D:5:      layout_basic, marbit_many_paths, doesnt_xom_only_xom, serial_shops,
          nicolae_shop_behind_doors, first_ration, mumra_transporter_accident
D:6:      layout_basic, kiku_gazebo_garden_becter, serial_shops,
          nicolae_shop_behind_doors
Temple:   cyrus_temple_forest

Skill      XL: |  1  2  3  4  5  6  7 |
---------------+----------------------+-----
Transmutations | 2 |  2.9
Fighting       | 1 2 3 |  3.0
Spellcasting   | 3 |  3.8
Poison Magic   | 4 5 |  5.0
Air Magic      | 1 2 3 |  3.0
Conjurations   | 2 3 |  3.0
Fire Magic     | 2 |  2.0
Dodging        | |  2.6
Stealth        | |  2.1

Action                   |  1- 3 |  4- 6 |  7- 9 || total
-------------------------+-------+-------+-------++-------
Melee: Unarmed           |     7 |       |       ||     7
       Dagger            |    14 |    72 |    44 ||   130
       Whip              |       |       |    16 ||    16
Throw: Stone             |     6 |     1 |       ||     7
 Cast: Sting             |    47 |    86 |    50 ||   183
       Poisonous Vapours |       |    29 |    14 ||    43
       Mephitic Cloud    |       |     2 |     1 ||     3
  Eat: Chunk             |     3 |    10 |     7 ||    20
       Ration            |       |     1 |       ||     1
Armor: Robe              |    10 |    31 |    26 ||    67
Dodge: Dodged            |    24 |    85 |    58 ||   167
